 Dungeon Crawl Stone Soup version 0.31-a0-233-g139696dc86 (webtiles) character file.

Game seed: 293329413069886390

76 qw the Shooter (level 4, -2/36 HPs)
             Began as a Minotaur Hexslinger on July 8, 2023.
             Killed from afar by Sigmund (8 damage)
             ... with a magic dart
             ... on level 2 of the Dungeon.
             The game lasted 00:00:25 (1048 turns).

qw the Shooter (Minotaur Hexslinger)                Turns: 1048, Time: 00:00:26

Health: -2/36      AC:  0    Str: 13    XL:     4   Next: 12%
Magic:  4/4        EV: 19    Int: 10    God:
Gold:   70         SH:  0    Dex: 19    Spells: 4/5 levels left

rFire   . . .        Y - melded +1 sling
rCold   . . .        (shield currently unavailable)
rNeg    . . .        d - melded +0 leather armour
rPois   .            (helmet currently unavailable)
rElec   .            (cloak currently unavailable)
rCorr   .            g - melded +0 pair of gloves
SInv    .            (boots currently unavailable)
Will    .....        (no amulet)
Stlth   ++           (ring currently unavailable)
HPRegen 0.26/turn    (ring currently unavailable)
MPRegen 0.09/turn

%: no passive effects
@: bat-form, flying, very quick
A: fast, flying, no casting, tiny, (horns 2), (retaliatory headbutt)
a: no special abilities


You were on level 2 of the Dungeon.
You were a bat.
You visited 1 branch of the dungeon, and saw 2 of its levels.

You collected 70 gold pieces.


Innate Abilities, Weirdness & Mutations

You are a bat.
You are tiny and dextrous.
You move quickly.
You are flying.
Your equipment is almost entirely melded.
You are incapable of wielding weapons or throwing items.
You cannot cast spells.
((You have a pair of horns on your head.))
((You reflexively headbutt those who attack you in melee.))


   Skills:
 - Level 2.0 Fighting
 + Level 4.6 Ranged Weapons
 - Level 2.1 Dodging
 - Level 1.0 Spellcasting
 - Level 2.0 Hexes


You had 4 spell levels left.
You knew the following spells:

 Your Spells              Type           Power      Damage    Failure   Level
a - Slow                  Hex            16%        N/A       16%         1

Your spell library contained the following spells:

 Spells                   Type           Power      Damage    Failure   Level
 Inner Flame              Hex/Fire       2%         N/A       56%         3
 Portal Projectile        Hex/Tloc       4%         N/A       56%         3
 Cause Fear               Hex            2%         N/A       83%         4

Inventory:

Hand Weapons
 Y - a +1 sling (melded)
Armour
 d - a +0 leather armour (melded)
 g - a +0 pair of gloves (melded)
Scrolls
 a - a scroll of fog {unknown}
 f - a scroll of blinking {unknown}
 h - a scroll of enchant armour {unknown}
Potions
 b - a potion of degeneration {unknown}
 c - a potion of haste {unknown}
 e - 2 potions of heal wounds
 i - a potion of might

Dungeon Overview and Level Annotations

Branches:
Dungeon (2/15)

Altars:

Annotations:
D:2 Sigmund


Message History

1038 ||| Stepping randomly (disturbance).
You stop sporulating.
Your +1 sling unmelds from your body.
Your +0 pair of gloves unmelds from your body.
Your +0 leather armour unmelds from your body.
Enter note:
Enter note:
Enter note:
Enter note: You shoot a sling bullet.
You hear some strange, mumbled words.
Something tries to affect you, but you resist.
You shoot a sling bullet. Something hits you but does no damage.
You shoot a sling bullet. Something hits you!
You shoot a sling bullet. You shoot a sling bullet.
Something barely misses you.
You shoot a sling bullet.
You hear a zap.
Something tries to affect you, but you resist.
You shoot a sling bullet.
You hear a zap.
You turn into a bat.
Your +1 sling melds into your body.
Your +0 pair of gloves melds into your body.
Your +0 leather armour melds into your body.
Something hits you!
There is a strange disturbance nearby!
1047 ||| Stepping randomly (disturbance).
A magic dart appears from out of thin air!
The magic dart hits you!
Enter note:
Enter note:
Enter note:
Enter note:
There is a strange disturbance nearby!
A magic dart appears from out of thin air!
The magic dart hits you!
You die...

.....###......................
#................####..........
..##..#....##.#..####........ #
##.#.##.#..............
#..#....##...##########
...#####........!..# ..##
##...........# ...
#####............# ..
.......b..{.......
######...........#
...........?...#
................#
..?..$...........#
.......########### .......
....... ..


There were no monsters in sight!

Vanquished Creatures
  Jessica (D:2)
  2 adders (D:2)
  2 dart slugs
  3 bats
  3 endoplasms (D:2)
  A giant cockroach (D:1)
  A hobgoblin (D:1)
  4 jackals (D:1)
  5 ball pythons
  A frilled lizard (D:1)
  2 kobolds
  3 rats
28 creatures vanquished.

Notes
Turn   | Place    | Note
-------+----------+-------------------------------------------
     0 | D:1      | qw the Minotaur Hexslinger began the quest for the Orb.
     0 | D:1      | Reached XP level 1. HP: 16/16 MP: 1/1
     0 | D:1      | 0 ||| qw: Version: 0.3-a-46-gb1f654a
     0 | D:1      | 0 ||| qw: Game counter: 3729
     0 | D:1      | 0 ||| qw: Melee chars always use a shield: true
     0 | D:1      | 0 ||| qw: God list: Okawaru
     0 | D:1      | 0 ||| qw: Allow faded altars: false
     0 | D:1      | 0 ||| qw: Do Orc after clearing Dungeon:15 true
     0 | D:1      | 0 ||| qw: Do second Lair branch before Depths: true
     0 | D:1      | 0 ||| qw: Lair rune preference: random
     0 | D:1      | 0 ||| qw: Goals: Normal
     0 | D:1      | 0 ||| PLANNING D:1-11
   248 | D:1      | Reached skill level 3 in Ranged Weapons
   248 | D:1      | Reached XP level 2. HP: 23/23 MP: 2/2
   712 | D:1      | 712 ||| UPGRADING to +0 leather armour.
   722 | D:1      | 722 ||| DROPPING +0 robe.
   723 | D:1      | 723 ||| UPGRADING to +0 pair of gloves.
   728 | D:1      | 728 ||| READING scroll labelled IKKOESIDAI.
   729 | D:1      | 729 ||| READING scroll labelled ASTRYESTR ESEFF.
   730 | D:1      | 730 ||| DRINKING 3 metallic golden potions.
   731 | D:1      | 731 ||| DRINKING 2 lumpy green potions.
   732 | D:1      | 732 ||| DROPPING scroll of poison.
   760 | D:2      | Reached XP level 3. HP: 29/29 MP: 3/3
   798 | D:2      | Reached skill level 4 in Ranged Weapons
   867 | D:2      | Noticed Jessica
   881 | D:2      | Killed Jessica
   882 | D:2      | Reached XP level 4. HP: 11/36 MP: 4/4
  1016 | D:2      | Noticed Sigmund
  1037 | D:2      | 1037 ||| Stepping randomly (disturbance).
  1038 | D:2      | 1038 ||| Stepping randomly (disturbance).
  1047 | D:2      | 1047 ||| Stepping randomly (disturbance).
  1047 | D:2      | HP: 5/36 [something/magic dart (9)]
  1048 | D:2      | Killed from afar by Sigmund

Levels and vault maps discovered:
D:1:      co_arrival_random_square_maze, layout_basic, corexii_corridor_pit
D:2:      layout_rooms, minmay_misc_feat_tower, minmay_shallow_snake_nest,
          uniq_jessica, uniq_sigmund

Skill      XL: |  1  2  3 |
---------------+----------+-----
Ranged Weapons | 3 4 |  4.6
Fighting       | 2 |  2.0
Dodging        | |  2.1
Spellcasting   | |  1.0
Hexes          | |  2.0

Action                     |  1- 3 |  4- 6 || total
---------------------------+-------+-------++-------
   Fire: Sling             |    70 |     8 ||    78
    Use: Scroll            |     2 |       ||     2
         Potion            |     2 |       ||     2
 Armour: Robe              |     6 |       ||     6
         Leather armour    |     5 |     1 ||     6
  Dodge: Dodged            |    37 |     7 ||    44

Table legend:
 A = Non-vault XP
 B = Vault XP
 C = Vault XP percentage of total XP
 D = Non-vault monster count
 E = Vault monster count
 F = Vault count percentage of total count
                 A         B        C        D         E       F
            +---------+---------+-------+---------+---------+-------
      Total |      72 |      37 |  33.9 |      27 |       1 |   3.6
            +---------+---------+-------+---------+---------+-------
        D:1 |      30 |       0 |   0.0 |      17 |       0 |   0.0
        D:2 |      42 |      37 |  46.8 |      10 |       1 |   9.1
            +---------+---------+-------+---------+---------+-------
